 Dungeon Crawl Stone Soup version 0.20.0 (webtiles) character file.

168 Eucla the Slasher (level 5, -1/54 HPs)
             Began as an Octopode Berserker on June 2, 2017.
             Was a Follower of Trog.
             Slain by a kobold (3 damage)
             ... on level 2 of the Dungeon.
             The game lasted 00:01:20 (1387 turns).

Eucla the Slasher (Octopode Berserker)              Turns: 1387, Time: 00:01:20

Health: -1/54      AC:  1    Str: 21    XL:     5   Next: 48%
Magic:  5/5        EV: 16    Int: 10    God:    Trog [*.....]
Gold:   143        SH:  0    Dex: 12    Spells: 4/4 levels left

rFire    . . .     SeeInvis .   a - +0 falchion
rCold    . . .     Gourm    .   (no shield)
rNeg     . . .     Faith    .   (helmet restricted)
rPois    .         Spirit   .   (no amulet)
rElec    .         Reflect  .   s - +2 ring of evasion
rCorr    .         Harm     .   (no ring)
MR       .....                  (no ring)
Stlth    ..........             (no ring)
Regen    0.2/turn               (no ring)
MPRegen  0.1/turn               (no ring)
                                (no ring)
                                (no ring)

@: berserking, very quick
A: almost no armour, stealthy swim, amphibious, 8 rings, constrict 8, camouflage
1, gelatinous body 1
a: Berserk, Burn Spellbooks, Renounce Religion


You were on level 2 of the Dungeon.
You worshipped Trog.
Trog was aware of your devotion.
You were not hungry.

You visited 1 branch of the dungeon, and saw 2 of its levels.

You collected 143 gold pieces.

Inventory:

Hand Weapons
 a - a +0 falchion (weapon)
Jewellery
 s - a +2 ring of evasion (left tentacle)
Scrolls
 d - 3 scrolls of identify {unknown}
 h - 2 scrolls of noise {unknown}
 i - a scroll of recharging {unknown}
 j - a scroll of teleportation {unknown}
 l - a scroll of amnesia {unknown}
 m - a scroll of fear {unknown}
 p - a scroll of remove curse {unknown}
 q - a scroll of enchant weapon {unknown}
 r - a scroll of immolation {unknown}
Potions
 c - a potion of might {unknown}
 e - 3 potions of lignification {unknown}
 f - a potion of agility {unknown}
 g - 2 potions of resistance {unknown}
 k - 2 potions of heal wounds {unknown}
 n - a potion of curing {unknown}
 o - a potion of degeneration {unknown}
Comestibles
 b - a bread ration


   Skills:
 - Level 3.0 Fighting
 * Level 5.3 Long Blades
 + Level 4.0 Dodging


You had 4 spell levels left.
You didn't know any spells.

Dungeon Overview and Level Annotations

Branches:
Dungeon (2/15)

Altars:
Cheibriados
Dithmenos
Trog
Vehumet

Annotations:
D:2 1 transporter


Innate Abilities, Weirdness & Mutations

You cannot wear most types of armour.
You are very stealthy in the water. (Stealth+)
You are amphibious.
You can wear up to eight rings at the same time.
You can use your tentacles to constrict eight enemies at once.
Your skin changes colour to match your surroundings (Stealth+).
Your rubbery body absorbs attacks. (AC +1, EV +1)


Message History

Unknown command.
You slash something! You squeeze something! Something hits you.
Something shocks you. The hobgoblin hits you. The hobgoblin barely misses you.
You closely miss something. Your squeeze misses something. The kobold hits you.
Something hits you. Something shocks you.
* * * LOW HITPOINT WARNING * * *
The hobgoblin hits you.
* * * LOW HITPOINT WARNING * * *
Unknown command.
You slash something! Trog accepts your kill.
Reactivating autopickup.
Your Long Blades skill increases to level 5!
Your Dodging skill increases to level 4!
You have reached level 5!
You feel clever.
You feel a bit more experienced. The hobgoblin hits you with a club.
* * * LOW HITPOINT WARNING * * *
The kobold hits you.
You die...

##<#..........# #.# #.#
##.#.###################.# #.#
##.#.# ##......>..# #.# ##.#.#
#####...######## #<# .#.#.##
##.....©.....## #.# #...#.#
#..#########..# #.# .....##
##.##8.....8##.########.#
.###.####..#.....g...#...........
.# #.......#.#.K@.#..#.#####.####
.###.####..#..#g...#.#.#####.#
#...## ##.#©........#.......#
##.## #.#..#....#.#.####### #.#
#.#.#....#..#.# #.#
#.#.$$/$%)$.#.# #.#
#.##8$}_..8##.# #.#
#..#########..# #.#
##...........##


You could see 2 hobgoblins and a kobold.

Vanquished Creatures
  A sky beast (D:2)
  Natasha (D:2)
  2 adders (D:2)
  A dart slug (D:1)
  A leopard gecko (D:1)
  2 goblins
  3 hobgoblins (D:1)
  5 jackals
  7 bats (D:1)
  3 frilled lizards
  3 kobolds
  2 rats (D:1)
31 creatures vanquished.

Notes
Turn   | Place    | Note
-------+----------+-------------------------------------------
     0 | D:1      | Eucla the Octopode Berserker began the quest for the Orb.
     0 | D:1      | Reached XP level 1. HP: 16/16 MP: 1/1
   189 | D:1      | Reached XP level 2. HP: 21/21 MP: 2/2
   589 | D:1      | Reached XP level 3. HP: 26/26 MP: 3/3
   676 | D:2      | Found a shadowy altar of Dithmenos.
   723 | D:2      | Found a radiant altar of Vehumet.
   731 | D:2      | Reached skill level 4 in Long Blades
   844 | D:2      | Found a snail-covered altar of Cheibriados.
   851 | D:2      | Noticed a sky beast
   898 | D:2      | Reached ** piety under Trog
   985 | D:2      | Found a bloodstained altar of Trog.
  1001 | D:2      | Noticed Natasha
  1009 | D:2      | Killed Natasha
  1009 | D:2      | Reached XP level 4. HP: 15/31 MP: 4/4
  1387 | D:2      | Killed a sky beast
  1387 | D:2      | Reached skill level 5 in Long Blades
  1387 | D:2      | Reached XP level 5. HP: 6/36 MP: 5/5
  1387 | D:2      | HP: 2/54 [hobgoblin/club (4)]
  1387 | D:2      | Slain by a kobold

Skill      XL: |  1  2  3  4 |
---------------+-------------+-----
Long Blades    | 4 5 |  5.3
Dodging        | 4 |  4.0
Fighting       | |  3.0

Action                   |  1- 3 |  4- 6 || total
-------------------------+-------+-------++-------
Melee: Falchion          |    53 |     7 ||    60
       Tentacles         |    10 |     1 ||    11
       Constrict         |    20 |       ||    20
Invok: Berserk           |       |     1 ||     1
 Stab: Sleeping          |    11 |       ||    11
  Eat: Royal jelly       |       |     2 ||     2
Armor: Skin              |     4 |       ||     4
Dodge: Dodged            |    30 |     8 ||    38
       Rpst.: Falchion   |    11 |     2 ||    13
